 Dungeon Crawl Stone Soup version 0.28-a0-983-g1de4e0787c (webtiles) character file.

Game seed: 11702649807359045414

32 ytrimaz the Skirmisher (level 3, -4/29 HPs)
             Began as a Demonspawn Berserker on Dec 2, 2021.
             Was a Believer of Trog.
             Slain by a sixfirhy (11 damage)
             ... summoned by the player character
             ... on level 2 of the Dungeon.
             The game lasted 00:01:27 (1022 turns).

ytrimaz the Skirmisher (Demonspawn Berserker)       Turns: 1022, Time: 00:01:29

Health: -4/29      AC:  9    Str: 19    XL:     3   Next: 8%
Magic:  3/3        EV:  7    Int:  8    God:    Trog [**....]
Gold:   23         SH:  4    Dex: 12    Spells: 2/2 levels left

rFire   . . .      SeeInvis +   b - +14 obsidian axe {vorpal, Mesm Drain Fly SInv}
rCold   . . .      Faith    .   (no shield)
rNeg    . . .      Spirit   .   c - +0 chain mail
rPois   .          Reflect  .   (helmet restricted)
rElec   .          Harm     .   (no cloak)
rCorr   .          Rampage  .   (no gloves)
Will    .....                   g - +0 pair of boots
Stlth   ..........              (no amulet)
HPRegen 0.09/turn               (no ring)
MPRegen 0.08/turn               (no ring)

@: flying, mesmerised
A: horns 1, condensation shield
a: Renounce Religion, Berserk, Trog's Hand


You were on level 2 of the Dungeon.
You worshipped Trog.
Trog was pleased with you.
You visited 1 branch of the dungeon, and saw 2 of its levels.

You collected 23 gold pieces.

Inventory:

Hand Weapons
 a - a +0 hand axe
 b - the +14 obsidian axe (weapon) {vorpal, Mesm Drain Fly SInv}
   (You acquired it on level 1 of the Dungeon)

   It inflicts extra damage upon your enemies.
   It occasionally summons demons to assist the wielder when it strikes in
   combat.
   Its wielder is mesmerised by any visible foes.
   It cannot be unequipped while any foes are visible.
   SInv:      It lets you see invisible.
   Fly:       It grants you flight.
   Drain:     It drains your maximum health when unequipped.
Armour
 c - a +0 chain mail (worn)
 g - a +0 pair of boots (worn)
Scrolls
 e - 4 scrolls of identify {unknown}
Potions
 f - a potion of heal wounds {unknown}


   Skills:
 + Level 3.5 Fighting
 + Level 3.2 Axes
 + Level 2.1 Armour
 - Level 1.7 Dodging


You had 2 spell levels left.
You didn't know any spells.
Your spell library was empty.

Dungeon Overview and Level Annotations

Branches:
Dungeon (2/15)

Altars:


Innate Abilities, Weirdness & Mutations

You have a pair of small horns on your head.
A meltable shield of frost defends you. (SH +4)


Message History

Things that are here:
a +0 dagger; 2 stones A goblin comes into view.
It is wielding a +0 dagger.
Visions of slaying the goblin flood into your mind.
A goblin is nearby!
A goblin is nearby!
A goblin is nearby!
You block the goblin's attack.
You slash the goblin!
You are no longer entranced.
You kill the goblin!
Trog accepts your kill.
You can now call upon Trog for regeneration and willpower.
You see here a +0 dagger.
There is a stone staircase leading up here.
A giant cockroach comes into view.
Visions of slaying the giant cockroach flood into your mind.
A giant cockroach is nearby!
Found 10 gold pieces.
You slash the giant cockroach! You open a gate to Pandemonium!
A demon appears!
It doesn't seem very happy.
You break out of your daze!
You kill the giant cockroach!
Trog accepts your kill.
Visions of slaying the sixfirhy flood into your mind.
You cannot move away from the sixfirhy!
Unknown command.
You miss the sixfirhy.
Unknown command.
You completely miss the sixfirhy. You block the sixfirhy's attack.
The sixfirhy hits you. The sixfirhy shocks you!
You block the sixfirhy's attack.
The sixfirhy hits you but does no damage.
The sixfirhy closely misses you. The sixfirhy hits you.
The sixfirhy shocks you!
* * * LOW HITPOINT WARNING * * *
You slice the sixfirhy!!
The sixfirhy is severely wounded.
The sixfirhy barely misses you. The sixfirhy hits you!
You die...

#######.# #.# ### #
#####.#### #.. . #
#........# #.# .###.#
#.###<##.# #.# ...... #
#.###.##.# #.# #....$.
###.##..##.# #.# .......
.##.#...##.####3##.......
.'..............@.†......
.##.#...##.#######.....#.
###.##..##.# .....# #
#........# ....##
#####.#### .#.## #.# .#.#
#.# .. . #.# ## ## ## #.#


You could see a sixfirhy (summoned, mesmerising).

Vanquished Creatures
  2 bats (D:1)
  3 endoplasms
  A giant cockroach (D:2)
  6 goblins
  2 hobgoblins
  A quokka (D:1)
  A ball python (D:1)
  3 frilled lizards
  5 kobolds
  4 rats
28 creatures vanquished.

Notes
Turn   | Place    | Note
-------+----------+-------------------------------------------
     0 | D:1      | ytrimaz the Demonspawn Berserker began the quest for the
                  | Orb.
     0 | D:1      | Reached XP level 1. HP: 18/18 MP: 1/1
   261 | D:1      | Gained mutation: You have a pair of small horns on your
                  | head. [demonic ancestry]
   261 | D:1      | Reached XP level 2. HP: 24/24 MP: 2/2
   769 | D:1      | Identified a scroll of acquirement
   769 | D:1      | Acquired the +14 obsidian axe {vorpal, Mesm Drain Fly SInv}
   769 | D:1      | Found the +14 obsidian axe {vorpal, Mesm Drain Fly SInv}
   916 | D:2      | Gained mutation: A meltable shield of frost defends you.
                  | (SH +4) [demonic ancestry]
   916 | D:2      | Reached XP level 3. HP: 29/29 MP: 3/3
   965 | D:2      | Reached ** piety under Trog
  1018 | D:2      | Noticed a sixfirhy
  1022 | D:2      | Slain by a sixfirhy

Illustrated notes

Levels and vault maps discovered:
D:1:      noname_arrival_rooms_in_the_neighbourhood, layout_rooms,
          minmay_octomino_e4
D:2:      cheibrodos_pilgrimage, layout_loops_corners, st_stairs_2

Skill      XL: |  1  2 |
---------------+-------+-----
Axes           | 3 |  3.2
Armour         | 2 |  2.1
Fighting       | |  3.5
Dodging        | |  1.7

Action                   || total
-------------------------++-------
Melee: Hand axe          ||    36
       Broad axe         ||    15
       Headbutt          ||     4
  Use: Scroll            ||     2
 Stab: Sleeping          ||     1
Armor: Chain mail        ||    37
Dodge: Dodged            ||    28
Block: Other             ||     3

Table legend: (Time is in decaauts)
 A = Elapsed time spent in this place.
 B = Non-inter-level travel time spent in this place.
 C = Inter-level travel time spent in this place.
 D = Time resting spent in this place.
 E = Time spent auto-exploring this place.
 F = Levels seen in this place.
 G = Mean time per level.
                   A        B        C        D        E       F      G
               +--------+--------+--------+--------+--------+-----+--------+
         Total |   1032 |    958 |     74 |      0 |    751 |   2 |  516.0 |
       Dungeon |   1032 |    958 |     74 |      0 |    751 |   2 |  516.0 |
               +--------+--------+--------+--------+--------+-----+--------+

Top non-repeatable levels by time:
     D:1: 810 daAuts
     D:2: 222 daAuts
